 Seeded DCSS version 0.27-a0-1232-gc6a4cbd (webtiles) character file.

Game seed: 3375557939289291370 (custom seed)

1 AmazingTV the Ducker (level 1, -11/11 HPs)
             Began as a Spriggan Abyssal Knight on June 8, 2021.
             Was an Initiate of Lugonu.
             Mangled by a goblin
             ... wielding a +1 dagger of distortion
              (19 damage)
             ... on level 1 of the Dungeon.
             The game lasted 00:03:34 (1064 turns).

AmazingTV the Ducker (Spriggan Abyssal Knight)      Turns: 1064, Time: 00:03:35

Health: -11/11     AC:  2    Str:  8    XL:     1   Next: 16%
Magic:  3/3        EV: 17    Int: 13    God:    Lugonu [......]
Gold:   31         SH:  0    Dex: 14    Spells: 0/0 levels left

rFire    . . .     SeeInvis +   c - +0 dagger
rCold    . . .     Faith    .   (shield restricted)
rNeg     . . .     Spirit   .   b - +0 robe
rPois    .         Reflect  .   (helmet restricted)
rElec    .         Harm     .   (no cloak)
rCorr    .         Rampage  .   (gloves unavailable)
Will     .....                  (boots unavailable)
Stlth    +.........             (no amulet)
HPRegen  0.03/turn              (no ring)
MPRegen  0.08/turn              (no ring)

@: very quick
A: very small, no large weapons, unfitting armour, see invisible, speed 3
a: Renounce Religion


You were on level 1 of the Dungeon.
You worshipped Lugonu.
Lugonu was noncommittal.
You visited 1 branch of the dungeon, and saw 1 of its levels.
You visited the Abyss 1 time.

You collected 31 gold pieces.

Inventory:

Hand Weapons
 a - a +1 hand axe
 c - a +0 dagger (weapon)
Missiles
 d - 9 sling bullets
Armour
 b - a +0 robe (worn)


   Skills:
 - Level 2.4 Fighting
 + Level 0.2 Short Blades
 - Level 1.5 Axes
 - Level 3.2 Dodging
 + Level 0.4 Stealth
 - Level 1.7 Invocations


You couldn't memorise any spells.
You didn't know any spells.
Your spell library was empty.

Dungeon Overview and Level Annotations

Branches:
Dungeon (1/15)

Altars:


Innate Abilities, Weirdness & Mutations

You are very small and have problems with some larger weapons.
You are too small for most types of armour.
You have supernaturally acute eyesight. (SInv)
You cover ground extremely quickly. (Speed+++)


Message History

There is an open door here.
You close the door.
You start resting.
A goblin is nearby!
As you open the door, it creaks loudly!
There is an open door here.
You close the door.
Something unseen opens the door.
You close the door.
You open the door.
There is an open door here.
You open the door.
There is an open door here.
You open the door.
There is an open door here.
You close the door.
As you open the door, it creaks loudly!
Something unseen opens the door.
The kobold shouts!
There is an open door here.
There is an open door here.
As you close the door, it creaks loudly!
You open the door.
There is an open door here.
You close the door.
You close the door.
You start resting.
Something unseen opens the door.
A kobold is nearby!
The kobold throws a stone.
The stone closely misses you.
The kobold throws a stone.
The stone closely misses you.
There is an open door here.
As you open the door, it creaks loudly! The goblin barely misses you.
There is an open door here.
You hit the goblin.
The goblin is moderately wounded.
The goblin hits you with a +1 dagger of distortion.
Space warps horribly around you!!
Ouch! That really hurt!
You die...

#.........#.#.........#
#.........+.'.........#
#.........#.#.........#
##.......##.##.......##
###...####+###..g.###
#'#####...#####'#
##.###.......###.##
#...#.........#...#
#...@....<....'...#
#..g#.........#...#
#.K###.......###.##
##.#####...#####.#
#..#####'#####..#
##.............##
###############


You could see a goblin and a kobold.

Vanquished Creatures
  An endoplasm (D:1)
1 creature vanquished.

Notes
Turn   | Place    | Note
-------+----------+-------------------------------------------
     0 | Abyss:1  | AmazingTV the Spriggan Abyssal Knight began the quest for
                  | the Orb.
     0 | Abyss:1  | Reached XP level 1. HP: 11/11 MP: 3/3
   107 | Abyss:1  | Noticed a thrashing horror
   109 | Abyss:1  | Noticed a large abomination
   120 | D:1      | Escaped the Abyss
  1064 | D:1      | Mangled by a goblin

Illustrated notes

Levels and vault maps discovered:
D:1:      dpeg_arrival_three_smaller_balls, layout_rooms,
          hellmonk_ecumenical_altar_prayer_group, minmay_split_cup_large

Action                   || total
-------------------------++-------
Melee: Dagger            ||     8
Invok: Depart the Abyss  ||     1
 Stab: Sleeping          ||     1
Dodge: Dodged            ||     8

Table legend: (Time is in decaauts)
 A = Elapsed time spent in this place.
 B = Non-inter-level travel time spent in this place.
 C = Inter-level travel time spent in this place.
 D = Time resting spent in this place.
 E = Time spent auto-exploring this place.
 F = Levels seen in this place.
 G = Mean time per level.
                   A        B        C        D        E       F      G
               +--------+--------+--------+--------+--------+-----+--------+
         Total |    937 |    929 |      8 |    701 |     85 |   2 |  468.5 |
       Dungeon |    864 |    856 |      8 |    701 |     22 |   1 |  864.0 |
         Abyss |     72 |     72 |      0 |      0 |     62 |   1 |   72.0 |
               +--------+--------+--------+--------+--------+-----+--------+

Top non-repeatable levels by time:
     D:1: 864 daAuts
 Abyss:1: 72 daAuts
